Map: Whispers of Gold

Players

Sazed - Winner!

  • Race: Terran Terran
  • League: Diamond
  • Spawn Location: 9:00

HarvNation

  • Race: Terran Terran
  • League: Diamond
  • Spawn Location: 5:00

VOD

Have the link to the VOD?

Description

Time

  • Played on: March 11, 2025, 11:03 a.m.
  • Length: 6:51
Show
View Real Time Build Order
Export as new Build Order

Sazed Terran - Winner!

Build Orders: Liberator Opening 

Get SALT Encoding   

  12  0:00  SCV  
  13  0:12  SCV  
  14  0:17  Supply Depot  
  14  0:24  SCV  
  15  0:39  SCV  
  15  0:41  Barracks  
  16  0:45  Refinery  
  16  0:51  SCV  
  17  1:03  SCV  
  18  1:09  Refinery  
  18  1:15  SCV  
  19  1:28  Reaper  
  19  1:30  Orbital Command  
  20  1:56  SCV  
  20  1:57  Factory  
  21  2:08  Marine  
  21  2:12  SCV  
  23  2:22  Command Center  
  22  2:39  SCV  
  23  2:45  Starport  
  23  2:46  Barracks Tech Lab  
  23  3:16  Barracks Reactor  
  23  3:18  Supply Depot  
  23  3:26  Refinery  
  23  3:34  SCV, Widow Mine  
  26  3:40  Orbital Command  
  26  3:43  Liberator  
  29  4:01  SCV  
  31  4:10  SCV  
  31  4:13  SCV, Siege Tank  
  35  4:22  SCV  
  35  4:30  Barracks Reactor  
  35  4:33  SCV  
  35  4:34  SCV  
  37  4:41  Refinery, Viking x2  
  37  4:45  Siege Tank  
  44  4:46  SCV  
  45  4:56  Supply Depot  
  45  4:58  SCV  
  46  5:13  Supply Depot  
  46  5:17  SCV, Marine x2, Viking x2  
  53  5:24  SCV  
  54  5:30  Supply Depot  
  54  5:34  Siege Tank  
  52  6:11  SCV, Orbital Command  
  45  6:16  Marine x2, Viking, Siege Tank  
  45  6:17  Viking  
Show
View Real Time Build Order
Export as new Build Order

HarvNation Terran 

Build Orders:  

Get SALT Encoding   

  12  0:00  SCV  
  13  0:13  SCV  
  14  0:18  Supply Depot  
  14  0:25  SCV  
  15  0:39  SCV  
  15  0:41  Barracks  
  16  0:46  Refinery  
  16  0:51  SCV  
  17  1:03  SCV  
  18  1:16  SCV  
  19  1:28  SCV, Marine  
  21  1:35  Supply Depot  
  21  1:41  Orbital Command  
  21  1:56  Command Center  
  21  2:11  Factory  
  21  2:15  Refinery  
  21  2:26  Marine  
  21  2:40  SCV  
  22  2:52  SCV  
  23  3:01  Factory Tech Lab  
  23  3:07  Marine  
  23  3:08  SCV  
  25  3:16  Orbital Command  
  25  3:20  SCV, Starport, Barracks  
  23  3:39  Siege Tank  
  26  3:46  Barracks Reactor  
  26  4:01  Starport Reactor  
  25  4:10  SCV  
  25  4:16  Siege Tank  
  29  4:22  SCV  
  29  4:26  SCV  
  30  4:32  Marine x2, Engineering Bay  
  30  4:34  SCV  
  33  4:38  SCV  
  33  4:39  Medivac x2  
  38  4:56  Marine x2  
  38  4:57  SCV, Siege Tank  
  38  4:58  Supply Depot  
  44  5:04  Missile Turret  
  45  5:08  Barracks Tech Lab  
  44  5:14  Marine x2  
  46  5:22  Supply Depot  
  46  5:26  Marine  
  47  5:29  Siege Tank  
  47  5:32  Marine  
  51  5:36  Orbital Command  
  51  5:38  Marine, Medivac  
  54  5:44  Marine  
  53  5:50  Marine  
Tags
 
Add a new tag
Caveats
  • Supply blocks, unpowered buildings, or Contaminate may cause inaccurate times.
  • Supply counts are checked every 10 seconds.